AoeStats
← Bastardog

Four Lakes

510215688Analyzed
1v1 RM · 15h ago on Sep 30, 2026· 80m 27s· 2 players
Game mode
Random Map
Map size
Tiny (2 player)
Population
200
Speed
Normal
Resources
Standard
Victory
Conquest
Starting age
Dark Age
Ending age
Imperial Age
RankedLock teamsTeams togetherTeam positionsShared explorationLock speedFull tech treeHidden civsTurbo modeCheats
Victory
Defeat
🇧🇷 Persians · Brazil
919
+16
🇨🇱 Bohemians · Chile
925
-16
_nacev
5:21 Loom
13:09 Feudal Age
14:31 Double-Bit Axe
18:40 Horse Collar
19:19 Scale Barding Armor
19:25 Forging
26:00 Castle Age
26:59 Gold Mining
27:22 Bow Saw
27:14 Heavy Plow
28:01 Padded Archer Armor
27:52 Fletching
28:22 Thumb Ring
29:52 Ballistics
30:10 Wheelbarrow
29:24 Crossbowman
30:11 Stone Mining
30:14 Town Watch
31:45 Bodkin Arrow
32:06 Leather Archer Armor
34:21 Kamandaran
40:41 Imperial Age
43:04 Hand Cart
46:09 Conscription
47:26 Chemistry
48:06 Bloodlines
47:17 Light Cavalry
48:29 Ring Archer Armor
48:21 Chain Barding Armor
50:21 Onager
55:04 Plate Barding Armor
56:11 Town Patrol
67:54 Stone Shaft Mining
70:58 Hussar
75:33 Husbandry
Bastardog
9:04 Loom
12:47 Feudal Age
14:31 Wheelbarrow
13:45 Double-Bit Axe
16:09 Town Watch
16:12 Horse Collar
20:32 Castle Age
23:06 Chemistry
22:31 Pikeman
29:29 Bow Saw
31:37 Hand Cart
33:01 Fervor
38:14 Ballistics
40:51 Imperial Age
38:46 Sanctity
41:09 Squires
41:16 Scale Mail Armor
41:27 Forging
42:29 Conscription
43:57 Houfnice
Connection lost

Rejoining the realm…

Still unreachable

The connection could not be restored.

Session expired

The server has moved on; the page needs a fresh start.